 Dungeon Crawl Stone Soup version 0.31.0-9-g3a7656b989 (webtiles) character file.

Game seed: 6213929949704955419

40093 EnegeticOcto the Grappler (level 13, 135/135 HPs)
             Began as a Troll Monk on Jan 31, 2024.
             Was the Champion of Dithmenos.
             Quit the game on level 5 of the Lair of Beasts.
             The game lasted 00:14:42 (13091 turns).

EnegeticOcto the Grappler (Troll Monk)             Turns: 13091, Time: 00:14:43

Health: 135/135    AC: 10    Str: 22    XL:     13   Next: 72%
Magic:  12/12      EV: 15    Int:  2    God:    Dithmenos [******]
Gold:   1401       SH: 15    Dex: 21    Spells: 12/12 levels left

rFire   . .          .
                       - Unarmed
rCold   . . .        n - +2 kite shield
rNeg    + . .        x - +2 troll leather armour {Pargi}
rPois   .            I - +2 hat
rElec   +            U - +0 cloak
rCorr   .            (gloves unavailable)
SInv    .            (boots unavailable)
Will    .....        D - amulet "Iptal" {rElec rN+ Regen+ Int-4 Dex+5}
Stlth   ++           M - +5 ring of evasion
HPRegen 2.82/turn    F - +4 ring of slaying
MPRegen 0.13/turn

%: no passive effects
@: wreathed by umbra
A: large, unfitting armour, claws 3, regeneration 1, shaggy fur 1, tough skin 1
a: Renounce Religion, Shadow Step, Shadow Form


You were on level 5 of the Lair of Beasts.
You worshipped Dithmenos.
Dithmenos was exalted by your worship.
You visited 3 branches of the dungeon, and saw 17 of its levels.
You also visited: Sewer and Bailey.

You collected 1401 gold pieces.

Inventory:

Missiles
 m - 35 boomerangs (quivered)
 A - a throwing net {!f}
 K - 7 curare-tipped darts
Armour
 a - a +0 robe
 c - an orb of light
 n - a +2 kite shield (worn)
   (You found it on level 3 of the Dungeon)
 x - a +2 troll leather armour (worn) {Pargi}
   (You found it in a sewer)
 I - a +2 hat (worn)
   (You found it on level 11 of the Dungeon)
 U - a +0 cloak (worn)
   (You found it on level 5 of the Lair of Beasts)
Jewellery
 h - a ring of positive energy
   (You found it on level 1 of the Dungeon)
 D - the amulet "Iptal" (around neck) {rElec rN+ Regen+ Int-4 Dex+5}
   (You acquired it in a bailey)

   [amulet of regeneration]

   Int-4:     It affects your intelligence (-4).
   Dex+5:     It affects your dexterity (+5).
   rElec:     It insulates you from electricity.
   rN+:       It protects you from negative energy.
   Regen+:    It increases your rate of health regeneration.
 F - a +4 ring of slaying (right claw)
   (You found it on level 10 of the Dungeon)
 H - an amulet of guardian spirit
   (You found it on level 11 of the Dungeon)
 M - a +5 ring of evasion (left claw)
   (You found it on level 1 of the Lair of Beasts)
 R - a +6 ring of dexterity
   (You found it on level 4 of the Lair of Beasts)
 S - a +6 ring of intelligence
   (You found it on level 4 of the Lair of Beasts)
Wands
 u - a wand of quicksilver (5) {@v1}
   (You found it on level 9 of the Dungeon)
 z - a wand of paralysis (2)
   (You found it on level 7 of the Dungeon)
 J - a wand of iceblast (13) {@v2}
   (You took it off a centaur on level 11 of the Dungeon)
 L - a wand of flame (7) {@v4}
   (You took it off a kobold brigand on level 11 of the Dungeon)
 N - a wand of digging (6) {@v3}
   (You found it on level 1 of the Lair of Beasts)
 O - a wand of polymorph (4)
   (You found it on level 2 of the Lair of Beasts)
 T - a wand of mindburst (2)
   (You found it on level 5 of the Lair of Beasts)
Scrolls
 d - 2 scrolls of butterflies {!r}
 e - 4 scrolls of revelation {@r5 !r}
 f - 2 scrolls of vulnerability
 i - a scroll of blinking {@r4}
 l - 2 scrolls of enchant weapon
 o - 3 scrolls of fear {!r}
 t - a scroll of brand weapon
 v - 2 scrolls of teleportation {@r3 !r}
 y - a scroll of silence {!r}
 G - 2 scrolls of amnesia {unknown}
 P - a scroll of poison {!r}
 Q - a scroll of identify {@r1}
Potions
 b - 3 potions of ambrosia
 g - 6 potions of heal wounds {@q2 !q}
 j - 2 potions of attraction
 k - 2 potions of magic
 p - 10 potions of curing {@q1 !q}
 q - a potion of berserk rage
 r - 8 potions of degeneration
 s - 3 potions of brilliance
 w - a potion of might {@q3 !q}
 B - 3 potions of mutation {unknown}
 C - 2 potions of haste {unknown}
 E - a potion of resistance {unknown}


   Skills:
 + Level 10.6 Fighting
 + Level 9.1 Throwing
 + Level 5.3 Armour
 - Level 3.3 Dodging
 + Level 10.8 Shields
 - Level 12.9 Unarmed Combat


You had 12 spell levels left.
You didn't know any spells.
Your spell library contained the following spells:

 Spells                   Type           Power      Damage    Failure   Level
 Shock                    Conj/Air       0%         1d3       78%         1
 Sting                    Conj/Alch      0%         1d3       78%         1
 Cigotuvi's Dreadful Rot  Necr/Alch/Air  0%         N/A       89%         2
 Mercury Vapours          Alch/Air       0%         N/A       89%         2
 Momentum Strike          Conj/Tloc      0%         3d8       89%         2
 Dazzling Flash           Conj/Hex       0%         N/A       98%         3
 Fugue of the Fallen      Necr           0%         N/A       98%         3
 Mephitic Cloud           Conj/Alch/Air  0%         N/A       98%         3
 Ozocubu's Armour         Ice            0%         N/A       98%         3
 Passwall                 Erth           0%         N/A       98%         3
 Swiftness                Air            0%         N/A       98%         3
 Vampiric Draining        Necr           0%         2d6       98%         3
 Volatile Blastmotes      Fire/Tloc      0%         2d10      98%         3
 Airstrike                Air            0%         2d(0-16)  100%        4
 Animate Dead             Necr           0%         N/A       100%        4
 Ignite Poison            Fire/Alch      0%         N/A       100%        4
 Leda's Liquefaction      Alch/Erth      0%         N/A       100%        4
 Manifold Assault         Tloc           0%         N/A       100%        4
 Vhi's Electric Charge    Tloc/Air       0%         N/A       100%        4
 Arcjolt                  Conj/Air       0%         1d10      100%        5
 Borgnjor's Vile Clutch   Necr/Erth      0%         N/A       100%        5
 Curse of Agony           Necr           0%         N/A       100%        5
 Freezing Cloud           Conj/Ice/Air   0%         6-21      100%        5
 Death Channel            Necr           0%         N/A       100%        6
 Starburst                Conj/Fire      0%         6d3       100%        6
 Ignition                 Fire           0%         3d3       100%        8
 Maxwell's Capacitive Co  Air            0%         ∞         100%        8


Dungeon Overview and Level Annotations

Branches:
Dungeon (11/15) Zot: 25997  Temple (1/1) D:7 Zot: 5974    Lair (5/5) D:11 Zot: 26442
  Swamp (0/4) Lair:3        Snake (0/4) Lair:2        Slime (0/5) Lair:4
    Orc (0/2) D:9           Sewer (visited)          Bailey (visited)

Altars:
Ashenzari
Cheibriados
Dithmenos
Elyvilon
Fedhas
Gozag
Hepliaklqana
Kikubaaqudgha
Makhleb
Nemelex Xobeh
Okawaru
Qazlal
Ru
Sif Muna
Trog
Uskayaw
Vehumet
Wu Jian
Xom
Zin
The Shining One
Jiyva

Shops:
D:4 :   D:6 [   D:10 :

Portals:
Trove: D:10 (give +6 demon trident)

Annotations:
D:10 3 runed translucent doors, Colgate's ghost, journeyman DsCA
D:11 4 runed translucent doors
Lair:5 1 exclusion


Innate Abilities, Weirdness & Mutations

You are too large for most types of armour.
You have claws for hands.
Your natural rate of healing is unusually fast.
You are covered in fur. (AC +1)
You have tough skin. (AC +1)


Message History

You claw the death yak!
The death yak is lightly wounded.
You claw the death yak!
The death yak is moderately wounded.
You block the death yak's attack.
You mangle the death yak!!
The death yak is severely wounded.
Your shadow hits the death yak but does no damage.
You block the death yak's attack.
You mangle the death yak!!
You kill the death yak!
Dithmenos accepts your kill.
You claw the death yak!
The death yak is lightly wounded.
The death yak misses you.
You scratch the death yak but do no damage.
The death yak is lightly wounded.
The death yak closely misses you.
You mangle the death yak!!
The death yak is heavily wounded.
The death yak gores you!!
You scratch the death yak.
The death yak is heavily wounded.
Your shadow hits the death yak. The komodo dragon barely misses you.
You scratch the death yak.
The death yak is heavily wounded.
The death yak gores you but does no damage.
The komodo dragon bites you!!
You are too injured to fight recklessly!
You are too injured to fight recklessly!
You are too injured to fight recklessly!
You are too injured to fight recklessly!
You are too injured to fight recklessly!
You are too injured to fight recklessly!
You are too injured to fight recklessly!
You are too injured to fight recklessly!
You are too injured to fight recklessly!
You barely miss the komodo dragon. The death yak misses you.
The komodo dragon bites you!!
You closely miss the komodo dragon.
Your shadow hits the komodo dragon but does no damage.
The death yak gores you!
You claw the komodo dragon!
The komodo dragon is lightly wounded.
A water moccasin comes into view.
The komodo dragon barely misses you. You block the death yak's attack.
The water moccasin hisses angrily.
You mangle the komodo dragon!!
The komodo dragon is almost dead.
Your shadow hits the komodo dragon but does no damage.
The komodo dragon completely misses you.
The death yak closely misses you.
You closely miss the komodo dragon.
The komodo dragon is almost dead.
You block the komodo dragon's attack.
You claw the komodo dragon!
You kill the komodo dragon!
Dithmenos accepts your kill. The death yak closely misses you.
You mangle the death yak!!
The death yak is severely wounded.
Your shadow hits the death yak. The death yak gores you!!
You claw the death yak!
The death yak is almost dead.
You block the death yak's attack.
You claw the death yak!
You kill the death yak!
Dithmenos accepts your kill.
You scratch the death yak but do no damage.
The death yak is heavily wounded.
Your shadow hits the death yak but does no damage.
You claw the death yak!
The death yak is severely wounded.
The death yak gores you!
You scratch the death yak but do no damage.
The death yak is severely wounded.
You block the water moccasin's attack. You block the death yak's attack.
You completely miss the death yak.
The death yak is severely wounded.
The water moccasin bites you. The death yak misses you.
You block the water moccasin's attack.
You claw the death yak!
The death yak is almost dead.
Your shadow hits the death yak. You block the death yak's attack.
You block the water moccasin's attack.
You claw the death yak!
You kill the death yak!
Dithmenos accepts your kill.
The water moccasin bites you but does no damage.
You see here a death yak corpse.
You miss the water moccasin. Your shadow misses the water moccasin.
The water moccasin closely misses you.
You mangle the water moccasin!!
The water moccasin is almost dead.
Your shadow hits the water moccasin.
You kill the water moccasin!
Dithmenos accepts your kill.
You see here a komodo dragon corpse.
Found a ring mail.
Are you sure you want to abandon this character and quit the game? (Confirm with "yes".)

.... ##.# ## .. .# #..#..
..P.##... #....#. ##......
#........# .. ... .[.....
.##...#.... #..... .....
...#.. ##..P ....#.# #...
..... ##... #..#.Y# ###
..##..... #....
#..##.###.###.....P.. ###.#
##...#..##.†.P@P...P# #...
#....#...†##........# #P.#
#..#...###.#...........####..
##.#...#.####..P..P.....P###..
#......### #............#....
#..#...## ##.................
##..#...####..#....P.....##...
##...#...#.....#....P....#...
#P...###.....................


There were no monsters in sight!

Vanquished Creatures
  An orc warlord (Bailey)
  2 hydras
  A centaur warrior (D:9)
  3 boulder beetles
  3 two-headed ogres
  4 death yaks (Lair:5)
  Sonja (Lair:1)
  A skyshark (Lair:5)
  An orc knight (Bailey)
  An ugly thing (D:9)
  2 oklob plants (D:11)
  A meliai (D:11)
  3 manticores
  A black mamba (Lair:2)
  5 cane toads
  4 gargoyles
  Maggie (D:9)
  A kobold demonologist (D:11)
  2 unseen horrors
  3 rime drakes
  6 komodo dragons
  Psyche (D:9)
  4 trolls
  2 polar bears
  12 dream sheep (Lair:3)
  A hornet (D:9)
  2 slime creatures (D:9)
  4 wraiths
  5 wyverns
  A shadow (D:9)
  2 small abominations (Lair:5)
  6 basilisks
  A steam dragon (Lair:3)
  5 vampire mosquitoes (D:11)
  44 yaks
  A naga (Lair:2)
  2 acid dragons
  16 water moccasins
  8 orc warriors
  4 ice beasts
  A black bear (D:6)
  Pargi (Sewer)
  2 ogres
  4 wolves (Lair:3)
  7 centaurs
  3 phantoms
  A brain worm (Sewer)
  3 kobold brigands
  5 bullfrogs
  3 scorpions
  3 gnoll sergeants
  9 wights
  9 killer bees
  3 howler monkeys
  5 hounds
  3 orc priests
  A bombardier beetle (D:5)
  2 jellies
  A bullfrog skeleton (D:5)
  3 sleepcaps
  2 iguanas
  12 orc wizards
  5 hell rats (D:7)
  A howler monkey zombie (D:5)
  Robin (D:3)
  9 gnolls
  6 river rats (D:7)
  9 adders
  2 shadow imps (D:6)
  2 white imps (D:6)
  4 ufetubi
  An adder zombie (D:5)
  2 ribbon worms
  6 dart slugs
  30 orcs
  10 bats
  4 endoplasms
  6 giant cockroaches
  21 goblins
  7 hobgoblins
  8 quokkas
  4 ball pythons
  6 frilled lizards
  19 kobolds
  19 rats
433 creatures vanquished.

Notes
Turn   | Place    | Note
-------+----------+-------------------------------------------
     0 | D:1      | EnegeticOcto the Troll Monk began the quest for the Orb.
     0 | D:1      | Reached XP level 1. HP: 22/22 MP: 0/0
    87 | D:1      | Reached XP level 2. HP: 29/29 MP: 1/1
   649 | D:2      | Reached XP level 3. HP: 36/36 MP: 2/2
   929 | D:2      | You fall into a shaft and drop 1 floor!
   929 | D:3      | Found an iron altar of Okawaru.
  1033 | D:2      | Reached skill level 1 in Armour
  1477 | D:3      | Noticed a scorpion
  1480 | D:3      | Killed a scorpion
  1481 | D:3      | Reached skill level 3 in Dodging
  1481 | D:3      | Reached skill level 4 in Unarmed Combat
  1481 | D:3      | Reached XP level 4. HP: 35/44 MP: 3/3
  1515 | D:3      | Noticed a water moccasin
  1523 | D:3      | Killed a water moccasin
  1524 | D:3      | Reached skill level 3 in Fighting
  1524 | D:3      | Reached XP level 5. HP: 34/53 MP: 4/4
  1567 | D:3      | Noticed Robin
  1588 | D:3      | Killed Robin
  1728 | D:3      | Reached XP level 6. HP: 61/61 MP: 5/5
  2008 | D:4      | Reached skill level 1 in Shields
  2008 | D:4      | Reached skill level 5 in Unarmed Combat
  2579 | D:4      | Found Wyworiom's Book Shoppe.
  2779 | D:5      | Entered Level 5 of the Dungeon
  2883 | D:5      | Reached XP level 7. HP: 35/68 MP: 6/6
  2885 | D:5      | Reached skill level 2 in Shields
  2889 | D:5      | Reached skill level 6 in Unarmed Combat
  2922 | D:5      | Reached skill level 4 in Fighting
  3218 | D:5      | Found a glowing drain.
  3226 | Sewer    | Entered a sewer
  3329 | Sewer    | Noticed Pargi
  3333 | Sewer    | Killed Pargi
  3374 | Sewer    | Reached skill level 3 in Shields
  3374 | Sewer    | Reached skill level 7 in Unarmed Combat
  3374 | Sewer    | Reached XP level 8. HP: 76/79 MP: 5/7
  3549 | D:5      | Got Beyq's Tome of Arsenical Kindling
  3927 | D:6      | Reached skill level 5 in Fighting
  3927 | D:6      | Reached skill level 8 in Unarmed Combat
  3935 | D:6      | Reached skill level 4 in Shields
  4044 | D:6      | Reached XP level 9. HP: 88/88 MP: 8/8
  4332 | D:6      | Reached skill level 9 in Unarmed Combat
  4443 | D:6      | Found Qoatyvur's Antique Armour Shop.
  4985 | D:7      | Got the Volume of the Metallic Traveller
  5031 | D:7      | Found a hide-covered altar of Uskayaw.
  5032 | D:7      | Found a radiant altar of Vehumet.
  5065 | D:7      | Reached skill level 5 in Shields
  5182 | D:7      | Reached skill level 6 in Fighting
  5207 | D:7      | Reached skill level 10 in Unarmed Combat
  5491 | D:7      | Identified the +1 morningstar of Giddatzo {spect, *Rage rF+
                  | Will+ Str+5}
  5527 | D:7      | Found a staircase to the Ecumenical Temple.
  5535 | Temple   | Entered the Ecumenical Temple
  5548 | Temple   | Became a worshipper of Dithmenos the Shadowed
  5548 | Temple   | Reached * piety under Dithmenos
  5548 | Temple   | Reached ** piety under Dithmenos
  5670 | D:7      | Found a glowing golden altar of the Shining One.
  5671 | D:7      | Found a glowing silver altar of Zin.
  5673 | D:7      | Found a white marble altar of Elyvilon.
  6124 | D:8      | Noticed a troll
  6133 | D:8      | Killed a troll
  6142 | D:8      | Reached XP level 10. HP: 46/100 MP: 9/9
  6166 | D:8      | Found a flagged portal.
  6186 | Bailey   | Entered a bailey
  6191 | Bailey   | Noticed an orc warlord
  6218 | Bailey   | Reached skill level 1 in Throwing
  6286 | Bailey   | Reached skill level 6 in Shields
  6286 | Bailey   | Noticed an orc knight
  6328 | Bailey   | Found a runed translucent gate.
  6330 | Bailey   | Found a runed translucent gate.
  6332 | Bailey   | Found a runed translucent gate.
  6354 | Bailey   | Killed an orc knight
  6355 | Bailey   | Reached skill level 2 in Throwing
  6489 | Bailey   | Killed an orc warlord
  6513 | Bailey   | Acquired the amulet "Iptal" {rElec rN+ Regen+ Int-4 Dex+5}
  6548 | D:8      | Reached skill level 7 in Fighting
  6566 | D:8      | Reached *** piety under Dithmenos
  6567 | D:8      | Reached skill level 3 in Throwing
  6698 | D:8      | Reached skill level 11 in Unarmed Combat
  6719 | D:8      | Found a stormy altar of Qazlal.
  6792 | D:8      | Found a hazy altar of Hepliaklqana.
  6931 | D:9      | Noticed a two-headed ogre
  6981 | D:9      | Killed a two-headed ogre
  6982 | D:9      | Reached skill level 7 in Shields
  7037 | D:9      | Noticed Psyche
  7046 | D:9      | Found a staircase to the Orcish Mines.
  7048 | D:9      | Noticed Maggie
  7069 | D:9      | Killed Maggie
  7070 | D:9      | Reached skill level 4 in Throwing
  7092 | D:9      | Reached XP level 11. HP: 108/109 MP: 10/10
  7110 | D:9      | Noticed a boulder beetle
  7113 | D:9      | Noticed a brown ugly thing
  7131 | D:9      | Killed a brown ugly thing
  7135 | D:9      | Killed a boulder beetle
  7171 | D:9      | Noticed a centaur warrior
  7182 | D:9      | Killed a centaur warrior
  7219 | D:9      | Got the Quarto of Mortification
  7255 | D:9      | Noticed a two-headed ogre
  7268 | D:9      | Killed a two-headed ogre
  7269 | D:9      | Reached skill level 8 in Fighting
  7269 | D:9      | Reached skill level 5 in Throwing
  7419 | D:9      | Reached skill level 8 in Shields
  7573 | D:9      | Found a shimmering altar of Xom.
  7573 | D:9      | Found a faded altar of an unknown god.
  7581 | D:9      | Found a faded altar of an unknown god.
  7583 | D:9      | Found a bloodstained altar of Trog.
  7585 | D:9      | Found a broken altar of Ashenzari.
  7660 | D:9      | Found an ornate altar of the Wu Jian Council.
  7735 | D:9      | Killed Psyche
  7784 | D:10     | Entered Level 10 of the Dungeon
  7791 | D:10     | Reached skill level 12 in Unarmed Combat
  7798 | D:10     | Reached **** piety under Dithmenos
  7817 | D:10     | Found a shimmering blue altar of Sif Muna.
  7912 | D:10     | Found a portal to a secret trove of treasure.
  8094 | D:10     | Found Amegiec's Self-Published Books.
  8189 | D:10     | Found a runed translucent gate.
  8190 | D:10     | Found a runed translucent gate.
  8191 | D:10     | Found a runed translucent gate.
  8191 | D:10     | Noticed an 11-headed hydra
  8191 | D:10     | Noticed Colgate's ghost (journeyman DsCA)
  8200 | D:10     | Noticed a two-headed ogre
  8207 | D:10     | Killed a two-headed ogre
  8270 | D:10     | Found a blossoming altar of Fedhas.
  8286 | D:10     | Found a sacrificial altar of Ru.
  8471 | D:11     | Found a large runed translucent door.
  8472 | D:11     | Found a large runed translucent door.
  8472 | D:11     | Noticed a deep elf pyromancer
  8486 | D:11     | Found a large runed translucent door.
  8486 | D:11     | Found a large runed translucent door.
  8563 | D:11     | Reached skill level 6 in Throwing
  8599 | D:11     | Reached XP level 12. HP: 99/122 MP: 11/11
  8675 | D:11     | Found a staircase to the Lair.
  9224 | D:11     | Reached skill level 9 in Fighting
  9233 | D:11     | Reached skill level 9 in Shields
  9438 | D:11     | Reached skill level 7 in Throwing
  9478 | Lair:1   | Entered Level 1 of the Lair of Beasts
  9688 | Lair:1   | Reached ***** piety under Dithmenos
  9866 | Lair:1   | Reached skill level 2 in Armour
  9941 | Lair:1   | Noticed Sonja
  9943 | Lair:1   | Killed Sonja
 10420 | Lair:2   | Found a staircase to the Snake Pit.
 10427 | Lair:2   | Reached skill level 3 in Armour
 10742 | Lair:2   | Noticed a boulder beetle
 10759 | Lair:2   | Killed a boulder beetle
 11056 | Lair:2   | Noticed an eight-headed hydra
 11064 | Lair:2   | Killed an eight-headed hydra
 11065 | Lair:2   | Reached skill level 8 in Throwing
 11065 | Lair:2   | Reached XP level 13. HP: 120/133 MP: 12/12
 11204 | Lair:3   | Reached skill level 10 in Shields
 11278 | Lair:3   | Found a staircase to the Swamp.
 11371 | Lair:3   | Reached skill level 10 in Fighting
 11417 | Lair:3   | Identified the +10 dagger of Fuze {protect, Str+2 Int-4
                  | Dex+2 SInv}
 11515 | Lair:3   | Reached skill level 4 in Armour
 12173 | Lair:4   | Found a viscous altar of Jiyva.
 12174 | Lair:4   | Found a staircase to the Slime Pits.
 12704 | Lair:5   | Entered Level 5 of the Lair of Beasts
 13009 | Lair:5   | Reached skill level 5 in Armour
 13031 | Lair:5   | Reached skill level 9 in Throwing
 13054 | Lair:5   | Reached ****** piety under Dithmenos
 13091 | Lair:5   | Quit the game

Illustrated notes

Levels and vault maps discovered:
D:1:      minmay_arrival_four_circles, layout_basic
D:2:      layout_basic
D:3:      layout_basic, lemuel_round_altar, serial_glass, glass_columns_b,
          glass_columns_c, glass_columns_b, glass_columns_a, glass_columns_a,
          glass_columns_b, uniq_robin
D:4:      layout_basic, serial_shops, shop
D:5:      lemuel_ice_spiral_2, layout_basic, serial_undead, serial_undead_f,
          serial_undead_d, serial_undead_d, serial_undead_b,
          portal_sewer_entry_f
D:6:      layout_loops_corners, serial_shops, shop, nicolae_sextant
D:7:      lemuel_ratsnest, layout_basic, good_gods_temple_1,
          nicolae_overflow_hidden_temple, minmay_temple_entry_grid,
          serial_rivers, chequers_serial_rivers_small_b,
          chequers_serial_rivers_micro_b, chequers_serial_rivers_micro_b,
          chequers_serial_rivers_micro_b, chequers_serial_rivers_large_b,
          chequers_serial_rivers_small_3, amcnicky_mini_pool_small
D:8:      layout_rooms, mainiacjoe_overflow_paths,
          nicolae_qazlal_eye_of_the_storm, enter_bailey_3, st_stairs_7
D:9:      hangedman_cross_cluster, layout_rooms,
          chequers_temple_overflow_minitemple, kennysheep_little_box,
          uniq_maggie, uniq_psyche
D:10:     layout_small_grid, mainiacjoe_overflow_swirl,
          nicolae_sif_muna_condensation, gammafunk_ghost_hydra_chop,
          nicolae_trove_entry_free_sample, nicolae_custom_books
D:11:     layout_loops_cross, dpeg_oklobed_lair, blue_anna_alchemist,
          minmay_hollow_rounded_squares
Temple:   nicolae_temple_stand_before_the_council
Lair:1:   layout_cellular_growth, grunt_megastairs_1, uniq_sonja
Lair:2:   layout_small_grid, guppyfry_snake_entry_garden,
          pdpol_lair_neglected_garden
Lair:3:   layout_gridlike, swamp_mist_pool
Lair:4:   layout_misc_corridors, slime_entry_1
Lair:5:   hellmonk_lair_end_abyssal_woods, layout_loops_ring,
          serial_bayou_pond_d, uniq_rupert

Skill      XL: |  1  2  3  4  5  6  7  8  9 10 11 12 13 |
---------------+----------------------------------------+-----
Armour         | 1 3 5 |  5.3
Dodging        | 3 |  3.3
Unarmed Combat | 4 5 7 8 10 11 12 | 12.9
Fighting       | 3 4 5 6 7 8 9 10 | 10.6
Shields        | 1 3 4 5 7 8 9 10 | 10.8
Throwing       | 4 6 8 9 |  9.1

Action                     |  1- 3 |  4- 6 |  7- 9 | 10-12 | 13-15 || total
---------------------------+-------+-------+-------+-------+-------++-------
  Melee: Unarmed           |    73 |   117 |   354 |   567 |   222 ||  1333
  Throw: Boomerang         |       |       |     2 |    33 |    13 ||    48
  Evoke: Wand              |       |       |     2 |    11 |     2 ||    15
    Use: Scroll            |       |     4 |     6 |    11 |     1 ||    22
         Potion            |       |       |     8 |     2 |       ||    10
   Stab: Sleeping          |       |     2 |     3 |     5 |     3 ||    13
         Paralysed         |       |       |     2 |    10 |     3 ||    15
         Invisible         |       |       |     1 |       |       ||     1
         Distracted        |       |       |       |     1 |       ||     1
 Armour: Robe              |    33 |    52 |    25 |       |       ||   110
         Troll leather arm |       |       |   192 |   330 |    94 ||   616
  Dodge: Dodged            |    34 |    55 |   111 |   180 |    69 ||   449
  Block: Kite shield       |       |    34 |   186 |   388 |   140 ||   748

Table legend:
 A = Kills in this place as a percentage of kills in the entire game.
 B = Kills by you in this place as a percentage of kills by you in the entire game.
 C = Kills by friends in this place as a percentage of kills by friends in the entire game.
 D = Other kills in this place as a percentage of other kills in the entire game.
 E = Experience gained in this place as a percentage of experience gained in the entire game.
 F = Experience gained in this place divided by the number of levels of this place that you have seen.
                   A       B       C       D       E      F
               +-------+-------+-------+-------+-------+----------------------
         Total | 100.0 | 100.0 |   N/A |   N/A | 100.0 | 3014.6
       Dungeon |  68.1 |  68.1 |   N/A |   N/A |  44.5 | 2319.4
          Lair |  24.2 |  24.2 |   N/A |   N/A |  50.8 | 5819.0
         Sewer |   1.8 |   1.8 |   N/A |   N/A |   0.5 | 289.0
        Bailey |   5.8 |   5.8 |   N/A |   N/A |   4.2 | 2380.0
               +-------+-------+-------+-------+-------+----------------------

Table legend: (Time is in decaauts)
 A = Elapsed time spent in this place.
 B = Non-inter-level travel time spent in this place.
 C = Inter-level travel time spent in this place.
 D = Time resting spent in this place.
 E = Time spent auto-exploring this place.
 F = Levels seen in this place.
 G = Mean time per level.
                   A        B        C        D        E       F      G
               +--------+--------+--------+--------+--------+-----+--------+
         Total |  13000 |  12600 |    400 |    213 |   9531 |  19 |  684.2 |
       Dungeon |   8887 |   8587 |    300 |    208 |   6438 |  11 |  807.9 |
        Temple |     25 |     14 |     11 |      0 |      0 |   1 |   25.0 |
          Lair |   3557 |   3469 |     88 |      0 |   2817 |   5 |  711.4 |
         Sewer |    193 |    193 |      0 |      0 |    125 |   1 |  193.0 |
        Bailey |    336 |    336 |      0 |      5 |    151 |   1 |  336.0 |
               +--------+--------+--------+--------+--------+-----+--------+

Top non-repeatable levels by time:
     D:7: 1269 daAuts
     D:6: 1055 daAuts
    D:11: 1002 daAuts
  Lair:3: 908 daAuts
  Lair:1: 885 daAuts
     D:9: 862 daAuts
     D:4: 855 daAuts
     D:2: 849 daAuts
  Lair:2: 753 daAuts
     D:5: 719 daAuts
    D:10: 685 daAuts
  Lair:4: 635 daAuts
     D:3: 582 daAuts
     D:1: 539 daAuts
     D:8: 466 daAuts
